 Dungeon Crawl Stone Soup version 0.30.1-3-gfc49f6343a (webtiles) character file.

Game seed: 7893722007699578598

5607 CrazyMind the Cleaver (level 10, 0/88 HPs)
             Began as an Armataur Fighter on July 29, 2023.
             Was a Believer of Okawaru.
             Slain by a shadow (31 damage)
             ... on level 9 of the Dungeon on July 30, 2023.
             The game lasted 00:31:06 (8373 turns).

CrazyMind the Cleaver (Armataur Fighter)            Turns: 8373, Time: 00:31:07

Health: 0/88       AC: 11    Str: 25    XL:     10   Next: 45%
Magic:  11/13      EV: 10    Int:  9    God:    Okawaru [**....]
Gold:   528        SH:  6    Dex: 10    Spells: 9/9 levels left

rFire   . . .        a - +0 war axe
rCold   . . .        c - +0 buckler
rNeg    + . .        b - +0 scale mail
rPois   +            G - +0 helmet
rElec   .            (no cloak)
rCorr   .            (no gloves)
SInv    .            (no barding)
Will    .....        (no amulet)
Stlth   +            j - ring of poison resistance
HPRegen 0.34/turn    J - ring of positive energy
MPRegen 0.13/turn

%: roll
@: heroic
A: large, rugged brown scales 3, deformed body, armoured tail, roll, long
tongue, awkward tongue
a: Renounce Religion, Heroism


You were on level 9 of the Dungeon.
You worshipped Okawaru.
Okawaru was pleased with you.
You visited 2 branches of the dungeon, and saw 10 of its levels.
You also visited: Ossuary.

You collected 528 gold pieces.

Inventory:

Hand Weapons
 a - a +0 war axe (weapon)
 d - a +2 whip of venom
 x - the +4 dagger of Ewaober {freeze, rC++ Dex+4}
   (You found it on level 4 of the Dungeon)

   Dex:       It affects your dexterity (+4).
   rC:        It greatly protects you from cold.
Missiles
 k - 12 poisoned darts (quivered)
 s - 3 throwing nets
 O - a curare-tipped dart
Armour
 b - a +0 scale mail (worn)
 c - a +0 buckler (worn)
 G - a +0 helmet (worn)
Jewellery
 j - a ring of poison resistance (left hand)
 v - a ring of resist corrosion
 C - a ring of protection from fire
 J - a ring of positive energy (right hand)
Wands
 m - a wand of flame (68)
Scrolls
 f - a scroll of identify
 g - a scroll of fog {unknown}
 i - a scroll of butterflies {unknown}
 n - a scroll of fear {unknown}
 t - 2 scrolls of vulnerability {unknown}
 u - a scroll of teleportation
 w - 2 scrolls of magic mapping
 y - 3 scrolls of enchant weapon
 B - a scroll of amnesia {unknown}
 D - a scroll of torment {unknown}
 H - 2 scrolls of brand weapon {unknown}
 K - a scroll of immolation {unknown}
 N - a scroll of poison {unknown}
Potions
 e - 5 potions of curing
 h - a potion of ambrosia {unknown}
 l - 3 potions of mutation
 o - 3 potions of lignification
 p - 2 potions of attraction
 q - 2 potions of haste
 r - a potion of invisibility {unknown}
 z - 2 potions of brilliance {unknown}
 E - 2 potions of heal wounds {unknown}
 F - 3 potions of flight
 I - 2 potions of degeneration {unknown}
 L - 4 potions of cancellation
 M - a potion of might


   Skills:
 + Level 5.8(10.8) Fighting
 * Level 9.5(14.5) Axes
 + Level 2.2(7.2) Throwing
 + Level 8.2(13.2) Armour
 + Level 2.2(7.2) Dodging
 + Level 4.8(9.8) Shields
 * Level 4.5 Invocations
 + Level 0.9 Evocations


You had 9 spell levels left.
You didn't know any spells.
Your spell library contained the following spells:

 Spells                   Type           Power      Damage    Failure   Level
 Scorch                   Fire           0%         2d5       78%         2
 Sublimation of Blood     Necr           0%         N/A       78%         2
 Wereblood                Tmut           0%         N/A       78%         2
 Dazzling Flash           Conj/Hex       0%         N/A       95%         3
 Portal Projectile        Hex/Tloc       0%         N/A       95%         3
 Volatile Blastmotes      Fire/Tloc      0%         2d10      95%         3
 Flame Wave               Conj/Fire      0%         2d4       100%        4
 Iskenderun's Mystic Bla  Conj/Tloc      0%         2d3       100%        4
 Leda's Liquefaction      Hex/Erth       0%         N/A       100%        4
 Passage of Golubria      Tloc           0%         N/A       100%        4
 Yara's Violent Unravell  Hex/Tmut       0%         3d3       100%        5
 Starburst                Conj/Fire      0%         6d3       100%        6
 Call Canine Familiar     Summ           Unusable   N/A       N/A         3
 Tukima's Dance           Hex            Unusable   N/A       N/A         3
 Summon Cactus Giant      Summ           Unusable   N/A       N/A         6
 Summon Hydra             Summ           Unusable   N/A       N/A         7

Dungeon Overview and Level Annotations

Branches:
Dungeon (9/15) Zot: 26961  Temple (1/1) D:5 Zot: 5794    Lair (0/5) D:8
Ossuary (visited)
    Orc: D:9-12

Altars:
Ashenzari
Cheibriados
Dithmenos
Elyvilon
Fedhas
Gozag
Hepliaklqana
Kikubaaqudgha
Makhleb
Nemelex Xobeh
Okawaru
Qazlal
Ru
Sif Muna
Uskayaw
Vehumet
Wu Jian
Xom
Yredelemnul
Zin
The Shining One

Annotations:
D:5 2 runed translucent doors


Innate Abilities, Weirdness & Mutations

You are completely covered in rugged brown scales. (AC +3, +7% HP)
Armour fits poorly on your strangely shaped body.
You have a long armoured tail.
You roll when moving toward enemies. (Rampage)
Your long tongue fully drains potion bottles. (2x potion effects)
Your tongue gives you trouble enunciating. (1.5x scroll delay)


Message History

The shadow slips into darkness.
The shadow flickers and vanishes!
Deactivating autopickup; reactivate with Ctrl-A.
The shadow strikes at you from the darkness!
Reactivating autopickup.
You barely miss the shadow.
The shadow is moderately damaged.
The shadow hits you!
You closely miss the shadow.
Your tail-slap misses the shadow.
The shadow is moderately damaged.
The shadow hits you.
You hit the shadow.
Your tail-slap misses the shadow.
The shadow is moderately damaged.
The shadow slips into darkness.
The shadow flickers and vanishes!
Deactivating autopickup; reactivate with Ctrl-A.
You hit something.
Your tail-slap misses something.
The shadow strikes at you from the darkness!
Reactivating autopickup.
You closely miss the shadow.
The shadow is heavily damaged.
The shadow hits you.
You closely miss the shadow.
Your tail-slap misses the shadow.
The shadow is heavily damaged.
The shadow hits you.
You hit the shadow.
The shadow is severely damaged.
The shadow slips into darkness.
The shadow flickers and vanishes!
Deactivating autopickup; reactivate with Ctrl-A.
You hit something.
Your tail-slap misses something.
The shadow strikes at you from the darkness!
Reactivating autopickup.
You gain the combat prowess of a mighty hero.
The shadow slips into darkness.
The shadow flickers and vanishes!
Deactivating autopickup; reactivate with Ctrl-A.
You closely miss something.
The shadow strikes at you from the darkness!
You die...

#.# ... ..# #.## #.#
. #######..# ###.# ..
...#.....# #.#.# ##.
........# #.#.#
....##.......# #...#
#....##.#...####.#<#
##.#.....#....{@..###
.........#..#######
.######.....# ##.#..#
#.#.## #.#># #.###
#.# #.#


There were no monsters in sight!

Vanquished Creatures
  3 death yaks
  A komodo dragon (D:7)
  A hornet (D:8)
  Grinder (D:3)
  3 yaks
  A water moccasin (D:5)
  An orc warrior (D:7)
  An ice beast (D:7)
  A sky beast (D:7)
  An ogre (D:6)
  3 centaurs
  A kobold brigand (D:8)
  A bullfrog (D:7)
  A gnoll sergeant (D:8)
  2 scorpions
  11 killer bees
  2 howler monkeys (D:7)
  4 crimson imps (D:8)
  A hound (D:5)
  3 jellies
  2 gnoll boudas
  7 iguanas
  3 orc wizards (D:5)
  4 sleepcaps
  8 mummies (Ossuary)
  8 adders
  31 gnolls
  A white imp (D:5)
  An ufetubus (D:5)
  2 worms (D:2)
  2 dart slugs
  16 orcs
  7 endoplasms
  4 giant cockroaches
  A gnoll zombie (Ossuary)
  6 goblins
  7 hobgoblins
  7 jackals
  A quokka (D:2)
  A ball python (D:1)
  5 bats
  7 frilled lizards
  2 hobgoblin zombies (Ossuary)
  10 kobolds
  5 orc zombies (Ossuary)
  7 rats
198 creatures vanquished.

Notes
Turn   | Place    | Note
-------+----------+-------------------------------------------
     0 | D:1      | CrazyMind the Armataur Fighter began the quest for the Orb.
     0 | D:1      | Reached XP level 1. HP: 19/19 MP: 1/1
   267 | D:1      | Reached XP level 2. HP: 22/26 MP: 2/2
   765 | D:1      | Reached XP level 3. HP: 33/33 MP: 3/3
   941 | D:1      | Reached skill level 2 in Axes
  1184 | D:2      | Found a faded altar of an unknown god.
  1232 | D:2      | Found a broken altar of Ashenzari.
  1380 | D:2      | Reached XP level 4. HP: 40/40 MP: 4/4
  2064 | D:3      | Reached skill level 3 in Axes
  2154 | D:3      | Reached XP level 5. HP: 48/48 MP: 5/5
  2483 | D:4      | Identified the +4 dagger of Ewaober {freeze, rC++ Dex+4}
  2725 | D:4      | HP: 2/48 [gnoll/+0 halberd (13)]
  2941 | D:4      | Reached XP level 6. HP: 55/55 MP: 6/6
  3037 | D:4      | Found a glowing golden altar of the Shining One.
  3037 | D:4      | Found a snail-covered altar of Cheibriados.
  3119 | D:3      | Noticed Grinder
  3133 | D:3      | Killed Grinder
  3134 | D:3      | Reached skill level 4 in Axes
  3134 | D:3      | Reached skill level 5 in Armour
  3422 | D:5      | Entered Level 5 of the Dungeon
  3428 | D:5      | Reached skill level 1 in Dodging
  3428 | D:5      | Reached XP level 7. HP: 62/63 MP: 7/7
  3835 | D:5      | Found a burning altar of Makhleb.
  3868 | D:5      | Found a staircase to the Ecumenical Temple.
  3875 | Temple   | Entered the Ecumenical Temple
  4066 | Temple   | Became a worshipper of Warmaster Okawaru
  4267 | D:5      | Identified the +1 rapier of Doubt {flame, rPois MP+9 Str+2
                  | Int+3}
  4470 | D:5      | Found a runed translucent door.
  4473 | D:5      | Found a runed translucent door.
  4732 | D:6      | Reached skill level 5 in Axes
  4790 | D:6      | Reached XP level 8. HP: 65/71 MP: 8/8
  4891 | D:6      | Found a sparkling altar of Nemelex Xobeh.
  5059 | D:6      | Reached * piety under Okawaru
  5534 | D:7      | Reached skill level 1 in Invocations
  5546 | D:7      | Reached skill level 6 in Axes
  5908 | D:7      | Reached skill level 1 in Throwing
  6002 | D:7      | Noticed a komodo dragon
  6305 | D:7      | Reached XP level 9. HP: 25/78 MP: 8/10
  6497 | D:7      | Found an ornate altar of the Wu Jian Council.
  6631 | D:8      | Noticed a death yak
  6633 | D:8      | Noticed a death yak
  6647 | D:7      | Reached skill level 5 in Fighting
  6647 | D:7      | Reached skill level 7 in Axes
  6689 | D:7      | Killed a komodo dragon
  6718 | D:8      | Found an opulent altar of Gozag.
  6744 | D:8      | Found a sand-covered staircase.
  6753 | Ossuary  | Entered an ossuary
  7094 | D:8      | Killed a death yak
  7094 | D:8      | Reached ** piety under Okawaru
  7095 | D:8      | Reached skill level 8 in Axes
  7481 | D:8      | Noticed a death yak
  7505 | D:7      | Reached XP level 10. HP: 58/86 MP: 12/12
  7595 | D:8      | Found a staircase to the Lair.
  7626 | D:7      | Killed a death yak
  7627 | D:7      | Reached skill level 9 in Axes
  7829 | D:7      | Killed a death yak
  8024 | D:8      | Found a shadowy altar of Dithmenos.
  8068 | D:8      | Found an ancient bone altar of Kikubaaqudgha.
  8075 | D:8      | Paralysed by a hornet for 3 turns
  8245 | D:8      | Found a shimmering altar of Xom.
  8373 | D:9      | Slain by a shadow

Illustrated notes

Levels and vault maps discovered:
D:1:      lemuel_arrival_tunnels, layout_loops_corners
D:2:      layout_loops_cross, hellmonk_ecumenical_altar_inner_sanctum,
          basic_altar
D:3:      kennysheep_big_flooded_room, layout_loops_cross, uniq_grinder
D:4:      wad_crossroads, layout_basic, gammafunk_temple_overflow_elements
D:5:      lemuel_insect_pit, layout_loops_ring,
          mainiacjoe_overflow_cross_hatched, temple_fountains
D:6:      layout_cave_pools, mainiacjoe_overflow_surrounded_room,
          hangedman_decor_diamond_cutter
D:7:      layout_basic, nicolae_wu_jian_immortal_techniques, minmay_lizard_king
D:8:      layout_rooms, led_xom_imps, mainiacjoe_overflow_large_starburst,
          mainiacjoe_overflow_boulevard, dpeg_lair_monsters, enter_ossuary_1
D:9:      layout_basic, mainiacjoe_overflow_alcove_4, nicolae_shop_self_help
Temple:   nicolae_temple_slightly_damp_pantheon

Skill      XL: |  1  2  3  4  5  6  7  8  9 10 |
---------------+-------------------------------+-----
Armour         | 4 5 6 7 8 |  8.2
Fighting       | 3 4 5 |  5.8
Axes           | 2 3 4 5 6 8 9 |  9.5
Shields        | 4 |  4.8
Dodging        | 1 2 |  2.2
Invocations    | 2 3 4 |  4.5
Throwing       | 1 2 |  2.2
Evocations     | |  0.9

Action                     |  1- 3 |  4- 6 |  7- 9 | 10-12 || total
---------------------------+-------+-------+-------+-------++-------
  Melee: War axe           |   115 |   164 |   358 |    51 ||   688
         Tailslap          |     7 |    15 |    60 |     7 ||    89
  Throw: Dart              |     5 |     3 |    23 |     9 ||    40
 Invoke: Heroism           |       |       |     9 |     4 ||    13
  Evoke: Wand              |     4 |     7 |     6 |     4 ||    21
    Use: Scroll            |     1 |       |    12 |     1 ||    14
         Potion            |       |     3 |     4 |     2 ||     9
 Armour: Scale mail        |    83 |    70 |   133 |    13 ||   299
  Dodge: Dodged            |    44 |    72 |   105 |    10 ||   231
  Block: Buckler           |    10 |    38 |    69 |    14 ||   131
